 Dungeon Crawl Stone Soup version 0.22-a0-303-g4a852b3 (webtiles) character file.

1376380 PegasusDuck the Metallomancer (level 27, 129/256 HPs)
             Began as an Ogre Wizard on Mar 25, 2018.
             Was the Champion of Ru.
             Escaped with the Orb
             ... and 3 runes on Mar 27, 2018!
             The game lasted 07:34:05 (135702 turns).

PegasusDuck the Metallomancer (Ogre Wizard)       Turns: 135702, Time: 07:34:06

Health: 129/256    AC: 19    Str: 15    XL:     27
Magic:  36/51      EV: 18    Int: 28    God:    Ru [******]
Gold:   7681       SH: 23    Dex:  5    Spells: 32/75 levels left

rFire    + . .     SeeInvis +   a - staff of earth
rCold    . . .     Gourm    .   s - +0 large shield of Sloth {rF+} (curse)
rNeg     . . .     Faith    .   C - +6 swamp dragon scales
rPois    +         Spirit   .   r - +2 hat {SInv}
rElec    .         Reflect  +   V - +2 cloak {rPois}
rCorr    .         Harm     .   (gloves unavailable)
MR       ++...                  (boots unavailable)
Stlth    ..........             h - +5 amulet of reflection
HPRegen  0.52/turn              T - ring of Phasing {EV+8}
MPRegen  0.32/turn              w - ring of wizardry

@: horrified
A: large, unfitting armour, horns 1, blurry vision 1, clumsy 1, tough skin 1,
weak 2, no stealth, hated by all, cowardly, no air magic, no necromancy magic,
no summoning magic, MP-powered wands, unskilled 1, sturdy frame 1
0: Orb of Zot
}: 3/15 runes: decaying, serpentine, silver
a: Draw Out Power, Power Leap, Apocalypse, Renounce Religion


You escaped.
You worshipped Ru.
Ru was exalted by your worship.
You were very hungry.

You visited 11 branches of the dungeon, and saw 51 of its levels.
You visited the Abyss 1 time.
You also visited: Bailey.

You collected 9293 gold pieces.
You spent 1612 gold pieces at shops.

Inventory:

Hand Weapons
 b - the +4 arc blade {discharge, rElec}
   (You took it off Nikola on level 1 of the Vaults)

   It insulates you from electricity.
Armour
 r - a +2 hat of see invisible (worn)
 s - the cursed +0 large shield of Sloth (worn) {rF+}
   (You found it on level 3 of the Elven Halls)

   It protects you from fire.
   It has a curse placed upon it.
 C - +6 swamp dragon scales (worn)
 V - a +2 cloak of poison resistance (worn)
 Z - the +0 faerie dragon scales {*Drain rF+++ rCorr Dex-2 Slay+4}
   (You took it off the Enchantress on level 3 of the Depths)

   It affects your dexterity (-2).
   It affects your accuracy and damage with ranged weapons and melee attacks
   (+4).
   It renders you almost immune to fire.
   It protects you from acid and corrosion.
   It causes draining when unequipped.
Magical Staves
 a - an uncursed staff of earth (weapon)
 E - an uncursed staff of power
Jewellery
 h - a +5 amulet of reflection (around neck)
 k - the ring of Vitaanki {Fire rPois Int+3 Slay+2 Stlth+}
   (You found it on level 15 of the Dungeon)

   [ring of fire]

   It enhances your fire magic.
   It affects your intelligence (+3).
   It affects your accuracy and damage with ranged weapons and melee attacks
   (+2).
   It protects you from fire.
   It makes you vulnerable to cold.
   It protects you from poison.
   It makes you more stealthy.
 p - an uncursed ring of positive energy
 w - a ring of wizardry (right hand)
 y - an uncursed ring of flight
 A - an uncursed ring of fire
 M - an uncursed ring of resist corrosion
 O - the ring of Daisies {rCorr *Corrode rC+ Int+4}
   (You took it off an ironheart preserver on level 5 of the Vaults)

   [ring of resist corrosion]

   It affects your intelligence (+4).
   It protects you from cold.
   It may corrode you when you take damage.
 T - the ring of Phasing (left hand) {EV+8}
   (You found it on level 5 of the Lair of Beasts)

   [ring of evasion]

   It affects your evasion (+8).
 U - a +5 ring of slaying
 W - the ring of Xom's Sleight of Hands {*Tele rElec Str+2}
   (You took it off Kirke on level 15 of the Dungeon)

   [ring of teleportation]

   It may teleport you next to monsters.
   It affects your strength (+2).
   It insulates you from electricity.
Wands
 d - a wand of digging (33)
 j - a wand of paralysis (40)
 o - a wand of flame (254)
 F - a wand of scattershot (9)
 R - a wand of iceblast (24)
 X - a wand of disintegration (45)
Scrolls
 n - 18 scrolls of teleportation
 q - 2 scrolls of enchant weapon
 v - 3 scrolls of magic mapping
 B - 3 scrolls of blinking
 D - 4 scrolls of fear
 H - a scroll of holy word
 L - 6 scrolls of immolation
 N - 3 scrolls of identify
 P - 8 scrolls of fog
 Q - 31 scrolls of remove curse
 S - 2 scrolls of amnesia
Potions
 c - 3 potions of ambrosia
 f - 13 potions of lignification
 g - 5 potions of cancellation
 i - 17 potions of curing
 l - 12 potions of magic
 m - 8 potions of flight
 t - 11 potions of heal wounds
 u - 2 potions of invisibility
 G - 10 potions of mutation
 I - 5 potions of might
 J - a potion of resistance
 K - a potion of berserk rage
 Y - 2 potions of agility
Comestibles
 e - 40 rations


   Skills:
 - Level 12.2 Fighting
 - Level 5.0 Short Blades
 - Level 12.0 Staves
 - Level 9.1 Dodging
 - Level 15.0 Shields
 * Level 24.9 Spellcasting
 - Level 10.5 Conjurations
 - Level 5.6 Hexes
   Level 0.7 Translocations
 + Level 26.5 Earth Magic
 - Level 5.5 Poison Magic
 - Level 5.2 Evocations


You had 32 spell levels left.
You knew the following spells:

 Your Spells              Type           Power        Failure   Level  Hunger
a - Magic Dart            Conj           ####         0%          1    None
b - Slow                  Hex            ######..     1%          2    None
c - Venom Bolt            Conj/Pois      ######....   1%          5    None
d - Stone Arrow           Conj/Erth      ######       0%          3    None
e - Lee's Rapid Deconstr  Erth           ########..   0%          5    None
f - Passwall              Tmut/Erth      #######...   0%          2    None
g - Iron Shot             Conj/Erth      ########..   1%          6    None
h - Bolt of Magma         Conj/Fire/Erth #######...   1%          5    None
i - Shatter               Erth           ########..   1%          9    ######.
j - Iskenderun's Battles  Conj/Chrm      #####...     1%          5    None


Dungeon Overview and Level Annotations

Branches:
Dungeon (15/15)            Temple (1/1) D:4            Lair (6/6) D:10
  Swamp (4/4) Lair:4        Snake (4/4) Lair:3        Slime (0/5) Lair:6
    Orc (2/2) D:12            Elf (3/3) Orc:2        Vaults (5/5) D:14
  Crypt (0/3) Vaults:2     Depths (5/5) D:15           Hell (1/1)
    Zot (5/5) Depths:5
    Dis: Hell:1         Geh: Hell:1         Coc: Hell:1         Tar: Hell:1

Altars:
Ashenzari
Cheibriados
Dithmenos
Elyvilon
Fedhas
Gozag
Hepliaklqana
Kikubaaqudgha
Makhleb
Nemelex Xobeh
Okawaru
Qazlal
Ru
Sif Muna
Trog
Uskayaw
Vehumet
Wu Jian
Xom
Yredelemnul
Zin
The Shining One
Beogh
Jiyva

Shops:
D:9 (   D:14 *   Orc:2 }[==!   Elf:1 =   Depths:1 %   Depths:2 %   Depths:4 [*[

Portals:
Hell: Depths:1 Depths:2 Depths:3 Depths:4 Depths:5
Abyss: Depths:4
Pandemonium: Depths:3 Depths:4
Ziggurat: Depths:2

Annotations:
Swamp:3 2 transporters


Innate Abilities, Weirdness & Mutations

You are too large for most types of armour.
You are clumsy. (Dex -2)
You have tough skin. (AC +1)
You are very weak. (Str -4)
You cannot be stealthy.
You are hated by all.
Your cowardice makes you less effective in combat with threatening monsters.
You cannot study or cast Air magic.
You cannot study or cast Necromancy magic.
You cannot study or cast Summoning magic.
You are somewhat unskilled. (-1 Apt)
You have a pair of small horns on your head.
Scrolls take you a little longer to read.
You expend magic power (3 MP) to strengthen your wands.
Your movements are slightly less encumbered by armour. (ER -2)


Message History

An iron imp comes into view.
Casting: Iron Shot (safe; 1% risk of failure)
Confirm with . or Enter, or press ? or * to list all spells.
Aiming: Iron Shot (safe; 1% risk of failure)
Press: ? - help, Shift-Dir - straight line, f - smoke demon
Aim: a smoke demon (steam)
You feel a surge of power!
The iron shot hits the smoke demon.
You kill the smoke demon!
You feel a twist of horror at the sight of this foe.
A Hell Sentinel, a Brimstone Fiend and a pandemonium lord come into view.
The Hell Sentinel roars!
The Hell Sentinel moves out of view.
The Brimstone Fiend moves out of view.
You feel a twist of horror at the sight of this foe.
There is a staircase leading out of the dungeon here.
Unknown command.
Unknown command.
Unknown command.
The Brimstone Fiend calls on the powers of darkness!
Your body is wracked with pain!
You have escaped!

#................##.# ###.##.###
####.....#######.#######........#
####.......####...####...........
.......#.....#..≈..#.....#.######
####...#8..≈.)..≈....≈..8#.#
#...##...≈..≈≈≈..≈...##.#
####...#...(.≈≈≈≈≈≈≈.....#.#
..###.....)≈≈≈≈...≈≈≈≈.....# ..#
#....≈≈≈≈≈..@..≈1≈≈&&..# ..#
#......≈≈≈≈...≈≈1≈.....#
..###..#.....≈≈≈≈≈≈≈.....#.#
..+....##...≈..≈≈≈..≈.5.##.#
..###..#8(.≈....≈....≈..8#.# +##
#..#.....#..≈..#.....#.######
.####......####...####...........
.##......#######.#######...######
.................................


You could see Oleir, a Hell Sentinel, a Brimstone Fiend and an iron imp.

Vanquished Creatures
  A pandemonium lord (D:11)
  5 orbs of fire
  Mara (Depths:3)
  5 ancient liches
  A juggernaut (Depths:3)
  the Lernaean hydra (Swamp:4)
  Saint Roka (Snake:3)
  Vashnia (Snake:2)
  5 Killer Klowns (Zot:5)
  Xtahua (Depths:4)
  6 curse toes
  18 golden dragons
  the Enchantress (Depths:3)
  Geryon (Hell)
  Nikola (Vaults:1)
  Jorgrun (Snake:3)
  A bone dragon (Depths:5)
  2 electric golems (Zot:5)
  6 liches
  23 tentacled monstrosities
  26 Orb Guardians
  9 titans
  A deep elf master archer (Elf:3)
  Asterion (Snake:4)
  3 deep elf blademasters
  7 death cobs
  7 acid blobs (Depths:2)
  6 quicksilver dragons
  An Executioner (Abyss:3)
  2 thorn hunters
  A sphinx (shapeshifter) (Depths:2)
  Agnes (D:14)
  4 sphinxes
  Donald (Orc:2)
  The ghost of kuniqs the Blocker, an adept DDFi of Makhleb (Snake:3)
  Gastronok (D:9)
  Kirke (D:15)
  10 draconian monks
  Roxanne (Snake:3)
  16 shadow dragons
  An azure jelly (Depths:2)
  6 tengu reavers
  5 nagarajas
  16 fire giants
  14 storm dragons
  5 draconian scorchers
  12 frost giants
  5 draconian knights
  A cacodemon (Depths:3)
  13 vault wardens
  An emperor scorpion (shapeshifter) (Vaults:4)
  3 ghost moths
  7 deep elf sorcerers
  4 draconian shifters
  3 deep elf elementalists
  Aizul (Snake:3)
  An orc warlord (Orc:1)
  6 draconian stormcallers
  15 very ugly things
  8 draconian annihilators
  22 stone giants
  18 ironheart preservers
  5 spriggan defenders
  2 reapers
  5 war gargoyles
  3 entropy weavers
  3 vampire knights
  A lorocyproca (Depths:1)
  10 green draconians
  12 yellow draconians
  15 deep elf annihilators
  5 deep elf demonologists (Elf:3)
  Azrael (D:15)
  A dire elephant (Lair:6)
  12 red draconians
  10 black draconians
  13 spark wasps
  10 white draconians
  11 purple draconians
  2 blizzard demons
  13 deep elf death magi
  17 ettins
  A green death (Depths:4)
  9 fire dragons
  3 death oozes (Depths:2)
  Josephine (D:11)
  12 yaktaur captains
  A quicksilver dragon zombie (Hell)
  7 ice dragons
  A merfolk impaler (Depths:3)
  2 deep elf high priests
  10 great orbs of eyes
  23 hydras
  Erolcha (D:9)
  7 naga warriors
  Harold (Lair:3)
  34 vault guards
  A ghost crab (Swamp:4)
  A hydra (shapeshifter) (Vaults:2)
  2 catoblepae
  11 centaur warriors
  7 rakshasas
  4 death knights
  7 spriggan air magi
  12 anacondas
  2 two-headed ogres (shapeshifter)
  14 ogre magi
  An anaconda (shapeshifter) (Vaults:1)
  A queen ant (Lair:6)
  8 deep troll shamans
  26 dancing weapons
  5 alligators
  2 vampire magi
  37 two-headed ogres
  9 death yaks (Lair:6)
  7 tengu warriors
  4 hell hogs (Hell)
  3 deep troll earth magi
  12 naga sharpshooters
  4 shock serpents
  The ghost of Tovarisch the Transmogrifier, a novice OpTm of Gozag (D:9)
  6 thrashing horrors
  6 spriggan berserkers
  5 orc high priests (Orc:2)
  5 sun demons
  31 deep elf knights
  Nergalle (Lair:4)
  A fire crab (D:15)
  A soul eater (Hell)
  22 skeletal warriors
  2 spatial maelstroms (Abyss:3)
  8 hell knights
  A wretched star (Abyss:3)
  4 iron trolls
  3 sixfirhies
  2 salamander mystics
  2 glowing orange brains
  11 naga ritualists
  3 unseen horrors
  A spark wasp zombie (Depths:3)
  8 starcursed masses (Abyss:3)
  10 swamp dragons
  2 anaconda zombies
  A deep troll (shapeshifter) (Vaults:3)
  A gelid demonspawn (Depths:3)
  A torturous demonspawn (Zot:3)
  An unseen horror (shapeshifter) (Vaults:1)
  6 flayed ghosts
  2 phantasmal warriors (Vaults:5)
  A golden dragon skeleton (Depths:3)
  2 tengu zombies
  14 wizards
  An anaconda skeleton (Hell)
  10 ironbrand convokers
  25 deep trolls
  A lindwurm (shapeshifter) (Depths:5)
  6 shambling mangroves
  21 orc knights
  7 necromancers
  A harpy (Vaults:2)
  14 deep elf archers
  5 orc sorcerers
  76 deep elf magi
  3 wolf spiders
  A sphinx skeleton (Depths:3)
  54 ugly things
  4 mana vipers
  A fire giant zombie (Depths:3)
  13 salamanders
  6 cyclopes
  3 manticores
  2 centaur zombies
  A guardian serpent (shapeshifter) (Vaults:3)
  A fire giant skeleton (Vaults:4)
  2 black mambas (shapeshifter)
  15 elephants
  25 moths of wrath
  18 guardian serpents
  2 moths of wrath (shapeshifter)
  2 rust devils
  17 vault sentinels
  Maurice (D:9)
  4 orange demons
  3 human skeletons
  11 spiny frogs
  2 smoke demons
  24 black mambas
  13 naga magi
  18 freezing wraiths
  2 ice devils
  11 komodo dragons
  2 spriggan skeletons
  A rime drake (shapeshifter) (Vaults:4)
  2 tormentors
  43 yaktaurs
  An efreet (Abyss:3)
  2 hellwings (Depths:5)
  An ancient zyme (Abyss:3)
  9 trolls
  The ghost of Saedqual the Skirmisher, an amateur DsWn (D:5)
  A troll (shapeshifter) (Vaults:2)
  A golden dragon simulacrum (Depths:1)
  A jumping spider (shapeshifter) (Vaults:5)
  54 slime creatures
  5 tengu conjurers
  2 polar bears
  18 hornets
  A wind drake (shapeshifter) (Vaults:4)
  A sphinx simulacrum (Vaults:4)
  An alligator zombie (Hell)
  Prince Ribbit (D:8)
  A tyrant leech (shapeshifter) (Vaults:5)
  A raiju (shapeshifter) (Vaults:1)
  9 blink frogs
  An ice dragon zombie (Depths:1)
  14 bog bodies
  A slime creature (shapeshifter) (Depths:5)
  A fire dragon skeleton (Depths:1)
  7 tyrant leeches
  9 hippogriffs
  2 human simulacra (Vaults:1)
  A blink frog (shapeshifter) (Depths:1)
  2 alligator skeletons (Hell)
  A frost giant simulacrum (Vaults:2)
  9 spriggans
  A tarantella (Vaults:1)
  A ynoxinul (Abyss:3)
  4 shadows
  3 air elementals
  2 flying skulls (Abyss:3)
  A wyvern (D:14)
  A water elemental (Elf:2)
  A human (shapeshifter) (Vaults:4)
  16 yaks
  7 wraiths
  6 hogs (D:15)
  A steam dragon (Lair:4)
  3 basilisks
  A fire bat (shapeshifter) (Vaults:1)
  17 humans
  7 fire elementals
  2 chaos spawn
  2 neqoxecs (Abyss:3)
  2 hungry ghosts
  29 vampire mosquitoes
  6 insubstantial wisps (Swamp:3)
  10 wargs
  6 large abominations (Abyss:3)
  25 swamp worms
  49 nagas
  16 soldier ants (Lair:6)
  A swamp worm (shapeshifter) (Vaults:1)
  A spiny frog zombie (Hell)
  A porcupine (shapeshifter) (Depths:3)
  4 porcupines
  3 floating eyes
  9 water moccasins
  A floating eye (shapeshifter) (Vaults:1)
  3 ice beasts
  2 hornet zombies (D:15)
  8 black bears
  2 black bears (shapeshifter)
  11 swamp drakes
  An ettin simulacrum (Hell)
  2 sky beasts
  An alligator simulacrum (Hell)
  A necrophage (D:11)
  2 phantoms
  An eye of draining (shapeshifter) (Vaults:5)
  49 orc warriors
  9 boggarts
  41 ogres
  5 wolves
  8 centaurs
  The ghost of Sharkov the Insei, an amateur MfWn (D:3)
  A centaur (shapeshifter) (Elf:3)
  12 crocodiles
  An elf simulacrum (Vaults:1)
  2 human zombies (Vaults:1)
  A big kobold (D:14)
  24 bullfrogs
  A wyvern zombie (D:10)
  A scorpion (D:4)
  22 wights
  An electric eel (Lair:4)
  2 howler monkeys
  A howler monkey (shapeshifter) (D:15)
  A bullfrog zombie (D:13)
  10 crimson imps
  A small abomination (Abyss:3)
  2 wyvern simulacra
  8 hounds
  Crazy Yiuf (D:3)
  15 orc wizards
  A quasit (Abyss:3)
  32 orc priests
  An iron imp (Depths:2)
  15 jellies
  A bullfrog skeleton (D:11)
  4 centaur skeletons
  4 iguanas
  22 worker ants
  A killer bee zombie (D:9)
  A hound skeleton (D:10)
  18 gnolls
  8 adders
  5 shadow imps
  2 white imps
  7 oozes
  An adder zombie (D:6)
  A worm (D:2)
  3 dart slugs
  5 leopard geckos
  77 orcs
  A giant cockroach (D:5)
  10 goblins
  19 hobgoblins
  13 jackals
  23 kobolds
  4 quokkas
  4 ball pythons
  3 bats
  4 frilled lizards
  A leopard gecko skeleton (D:7)
  A leopard gecko zombie (D:6)
  8 rats
  2 crawling corpses (Vaults:1)
  5 fungi (Lair:6)
  A lurking horror (Abyss:3)
  27 plants
2419 creatures vanquished.

Vanquished Creatures (collateral kills)
  2 worker ants (Lair:6)
2 creatures vanquished.

Vanquished Creatures (others)
  A tentacled monstrosity (Zot:2)
  An Orb Guardian (Zot:5)
  A quicksilver dragon (Zot:5)
  A deep elf master archer (Elf:3)
  A tentacled starspawn (Abyss:3)
  A nagaraja (Snake:4)
  A vault warden (Vaults:1)
  A deep elf sorcerer (Vaults:3)
  A ghoul (Vaults:3)
  3 stone giants
  2 fire dragons
  3 yaktaur captains
  A naga warrior (Snake:2)
  6 centaur warriors
  A two-headed ogre (Vaults:1)
  5 naga sharpshooters (Snake:4)
  3 deep trolls
  3 deep elf archers
  A wizard (Depths:1)
  2 swamp dragons
  2 harpies (Vaults:2)
  2 cyclopes
  An ugly thing (D:15)
  An elephant (Lair:4)
  2 moths of wrath (Zot:5)
  2 black mambas
  A spiny frog (Lair:1)
  14 yaktaurs
  A troll (D:14)
  A tyrant leech (Swamp:1)
  A hippogriff (Lair:4)
  2 slime creatures
  A blink frog (Lair:1)
  A vampire (D:14)
  3 yaks
  A vampire mosquito (Swamp:4)
  A warg (Vaults:5)
  2 swamp worms
  A soldier ant (Lair:6)
  An orc warrior (Orc:2)
  2 ogres
  5 centaurs
  A worker ant (Lair:6)
  4 orcs
  A kobold zombie (Abyss:3)
  2 bushes
  55 fungi
  77 plants
  2 starspawn tentacles (Abyss:3)
229 creatures vanquished.

Grand Total: 2650 creatures vanquished

Notes
Turn   | Place    | Note
-------+----------+-------------------------------------------
     0 | D:1      | PegasusDuck the Ogre Wizard began the quest for the Orb.
     0 | D:1      | Reached XP level 1. HP: 16/16 MP: 5/5
    18 | D:1      | Reached skill level 1 in Conjurations
   308 | D:1      | Reached XP level 2. HP: 24/24 MP: 2/6
   346 | D:1      | Learned a level 2 spell: Slow
  1269 | D:1      | Reached XP level 3. HP: 31/31 MP: 4/8
  2471 | D:3      | Reached XP level 4. HP: 35/40 MP: 0/9
  2912 | D:2      | Reached skill level 1 in Fighting
  3378 | D:3      | Found a burning altar of Makhleb.
  3378 | D:3      | Found a blossoming altar of Fedhas.
  3383 | D:3      | Found an opulent altar of Gozag.
  3385 | D:3      | Found a faded altar of an unknown god.
  3387 | D:3      | Found an iron altar of Okawaru.
  3430 | D:3      | Found a hide-covered altar of Uskayaw.
  3521 | D:3      | Found a runed door.
  3541 | D:3      | Noticed Sharkov's ghost (amateur MfWn)
  3956 | D:3      | Reached XP level 5. HP: 48/48 MP: 5/11
  4554 | D:3      | Learned a level 3 spell: Mephitic Cloud
  4554 | D:3      | Noticed Crazy Yiuf
  4874 | D:3      | Killed Sharkov's ghost
  4874 | D:3      | Reached skill level 1 in Hexes
  4874 | D:3      | Reached XP level 6. HP: 37/59 MP: 4/12
  5066 | D:3      | Killed Crazy Yiuf
  5492 | D:4      | Found a staircase to the Ecumenical Temple.
  5514 | Temple   | Entered the Ecumenical Temple
  5662 | Temple   | Became a worshipper of Ru the Awakened
  6441 | D:5      | Entered Level 5 of the Dungeon
  6467 | D:5      | Reached XP level 7. HP: 67/67 MP: 7/13
  6984 | D:5      | Reached skill level 5 in Spellcasting
  7358 | D:5      | Noticed Saedqual's ghost (amateur DsWn)
  7397 | D:5      | Killed Saedqual's ghost
  7397 | D:5      | Reached XP level 8. HP: 72/78 MP: 2/16
  7893 | D:5      | Gained mutation: You are clumsy. (Dex -2) [Ru sacrifice]
  8476 | D:6      | Reached skill level 5 in Fighting
  9595 | D:7      | Reached skill level 5 in Conjurations
  9595 | D:7      | Reached XP level 9. HP: 43/88 MP: 3/18
 10507 | D:7      | Noticed a troll
 10563 | D:7      | Killed a troll
 10686 | D:7      | Reached skill level 5 in Dodging
 10752 | D:7      | Identified Boan's Collected Works on Talismans
 11385 | D:7      | Found a sparkling altar of Nemelex Xobeh.
 11571 | D:8      | Reached XP level 10. HP: 90/102 MP: 14/20
 11606 | D:8      | Gained mutation: You are hated by all. [Ru sacrifice]
 11606 | D:8      | Reached * piety under Ru
 11606 | D:8      | Reached ** piety under Ru
 11891 | D:8      | Noticed a two-headed ogre
 11930 | D:8      | Killed a two-headed ogre
 11930 | D:8      | Reached skill level 5 in Hexes
 12107 | D:8      | Noticed Prince Ribbit
 12115 | D:8      | Killed Prince Ribbit
 12335 | D:8      | Learned a level 3 spell: Stone Arrow
 12398 | D:8      | Found a shattered altar of Ashenzari.
 12428 | D:8      | Reached skill level 1 in Earth Magic
 12882 | D:9      | Reached skill level 2 in Earth Magic
 13018 | D:9      | Noticed Maurice
 13098 | D:9      | Reached skill level 3 in Earth Magic
 13194 | D:9      | Noticed Tovarisch's ghost (novice OpTm)
 13237 | D:9      | Killed Tovarisch's ghost
 13237 | D:9      | Reached skill level 4 in Earth Magic
 13404 | D:9      | Noticed Gastronok
 13413 | D:9      | Killed Gastronok
 13413 | D:9      | Reached XP level 11. HP: 102/115 MP: 1/23
 13741 | D:9      | Found a radiant altar of Vehumet.
 13775 | D:9      | Killed Maurice
 14016 | D:9      | Noticed Erolcha
 14410 | D:9      | Found Ytumurpho's Antique Weapon Shoppe.
 14659 | D:9      | Killed Erolcha
 14659 | D:9      | Reached skill level 10 in Fighting
 14688 | D:10     | Entered Level 10 of the Dungeon
 14782 | D:10     | Killed an unseen horror
 14972 | D:10     | Found a staircase to the Lair.
 15023 | D:10     | Noticed a two-headed ogre
 15047 | D:10     | Killed a two-headed ogre
 15056 | D:10     | Gained mutation: You are somewhat unskilled. (-1 Apt) [Ru sacrifice]
 15056 | D:10     | Reduced skill Conjurations to level 5
 15056 | D:10     | Reached *** piety under Ru
 15413 | D:10     | Noticed a two-headed ogre
 15417 | D:10     | Killed a two-headed ogre
 15417 | D:10     | Reached skill level 10 in Fighting
 16447 | D:11     | Noticed a red ugly thing
 16456 | D:11     | Killed a red ugly thing
 16716 | D:11     | Noticed a death knight
 16763 | D:11     | Noticed a manticore
 16774 | D:11     | Killed a manticore
 16774 | D:11     | Reached XP level 12. HP: 75/127 MP: 1/25
 16786 | D:11     | Noticed Josephine
 16918 | D:11     | Reached skill level 1 in Air Magic
 16918 | D:11     | Reached skill level 1 in Poison Magic
 17120 | D:11     | Killed a death knight
 17674 | D:11     | Noticed a two-headed ogre
 17674 | D:11     | Killed Josephine
 17732 | D:10     | Killed a two-headed ogre
 17732 | D:10     | Reached skill level 10 in Spellcasting
 18173 | D:11     | Reached skill level 5 in Hexes
 18525 | D:11     | Gained mutation: Your cowardice makes you less effective in combat with threatening monsters. [Ru sacrifice]
 18525 | D:11     | Reached **** piety under Ru
 19351 | D:11     | Upgraded the game from 0.22-a0-299-g43f9854 to 0.22-a0-301-gf0fe05c
 19528 | D:12     | Got an ichor-stained robe
 19539 | D:12     | Identified the cursed +0 robe of the Eight Boll Weevils {rC+ Int+7} (You found it on level 12 of the Dungeon)
 19836 | D:12     | Reached skill level 5 in Earth Magic
 20208 | D:12     | Found a staircase to the Orcish Mines.
 20785 | Lair:1   | Entered Level 1 of the Lair of Beasts
 21134 | Lair:1   | Gained mutation: You cannot be stealthy. [Ru sacrifice]
 21134 | Lair:1   | Reached ***** piety under Ru
 21468 | Lair:1   | Reached XP level 13. HP: 138/138 MP: 18/27
 23464 | Lair:2   | Learned a level 5 spell: Lee's Rapid Deconstruction
 23517 | Lair:3   | Noticed Harold
 23555 | Lair:3   | Killed Harold
 23724 | Lair:3   | Reached skill level 1 in Staves
 23724 | Lair:3   | Reached skill level 6 in Earth Magic
 24178 | Lair:3   | Found a staircase to the Snake Pit.
 25121 | Lair:4   | Found a staircase to the Swamp.
 26993 | Lair:4   | Noticed Nergalle
 27004 | Lair:4   | Killed Nergalle
 27754 | Lair:5   | Reached skill level 7 in Earth Magic
 27845 | Lair:4   | Reached skill level 5 in Evocations
 28253 | Lair:5   | Reached XP level 14. HP: 148/148 MP: 16/29
 28671 | Lair:5   | Found the ring of Phasing {EV+8}
 28878 | Lair:6   | Entered Level 6 of the Lair of Beasts
 28923 | Lair:6   | Got a heavily runed large shield
 28929 | Lair:6   | Identified the +3 large shield "Qedotoxy" {Int+3} (You found it on level 6 of the Lair of Beasts)
 28949 | Lair:6   | Reached skill level 1 in Shields
 29196 | Lair:6   | Noticed an entropy weaver
 29220 | Lair:6   | Killed an entropy weaver
 30568 | Lair:6   | Reached skill level 5 in Shields
 30809 | Lair:6   | Noticed an entropy weaver
 31069 | Lair:6   | Found a viscous altar of Jiyva.
 31069 | Lair:6   | Found a staircase to the Slime Pits.
 33177 | Lair:6   | Killed an entropy weaver
 33379 | Lair:6   | Noticed a dire elephant
 33380 | Lair:6   | Found the +2 Maxwell's thermic engine {flame, freeze, rF- rC-}
 33720 | Lair:6   | Killed a dire elephant
 34087 | Orc:1    | Entered Level 1 of the Orcish Mines
 34231 | Orc:1    | Reached XP level 15. HP: 156/156 MP: 7/30
 34453 | Orc:1    | Found a flagged portal.
 34466 | Bailey   | Entered a bailey
 35902 | Orc:2    | Entered Level 2 of the Orcish Mines
 35902 | Orc:2    | Found a staircase to the Elven Halls.
 35910 | Orc:2    | Gained mutation: You are weak. (Str -2) [Ru sacrifice]
 36194 | Orc:2    | Found a roughly hewn altar of Beogh.
 36195 | Orc:2    | Noticed Donald
 36224 | Orc:2    | Killed Donald
 36513 | Orc:2    | Noticed an orc warlord
 37699 | D:13     | Reached skill level 5 in Staves
 38466 | D:14     | Found a gate to the Vaults.
 38466 | D:14     | Noticed Agnes
 38918 | D:14     | Gained mutation: You cannot study or cast Air magic. [Ru sacrifice]
 38918 | D:14     | Gained mutation: You cannot study or cast Necromancy magic. [Ru sacrifice]
 38918 | D:14     | Gained mutation: You cannot study or cast Summoning magic. [Ru sacrifice]
 38918 | D:14     | Reached ****** piety under Ru
 38921 | D:14     | Found a shadowy altar of Dithmenos.
 39979 | D:14     | Killed Agnes
 41297 | D:14     | Found Niuj's Elemental Accessories.
 41894 | D:15     | Entered Level 15 of the Dungeon
 42121 | D:15     | Paralysed by a floating eye for 2 turns
 42155 | D:15     | Noticed Azrael
 42776 | D:14     | Reached skill level 8 in Earth Magic
 42776 | D:14     | Reached XP level 16. HP: 164/164 MP: 33/33
 42796 | D:15     | Killed Azrael
 43315 | D:15     | Reached XP level 17. HP: 121/171 MP: 14/34
 44697 | Orc:2    | Found Yrchoix's Distillery.
 45840 | Orc:2    | Found Bisan's Jewellery Emporium.
 45841 | Orc:2    | Found Ominilia's Gadget Emporium.
 45841 | Orc:2    | Found Duidexav's Armour Shoppe.
 45842 | Orc:2    | Found Putyupau's Jewellery Emporium.
 45855 | Orc:2    | Bought a +5 amulet of reflection for 700 gold pieces
 46001 | Orc:2    | Bought 2 potions of heal wounds for 160 gold pieces
 46001 | Orc:2    | Bought a potion of heal wounds for 80 gold pieces
 46001 | Orc:2    | Bought a potion of curing for 48 gold pieces
 46001 | Orc:2    | Bought a potion of curing for 48 gold pieces
 46001 | Orc:2    | Bought a potion of curing for 48 gold pieces
 46001 | Orc:2    | Bought a potion of haste for 160 gold pieces
 46303 | Swamp:1  | Entered Level 1 of the Swamp
 47235 | Swamp:1  | Learned a level 5 spell: Venom Bolt
 48684 | Swamp:2  | Paralysed by a hornet for 2 turns
 50258 | Swamp:3  | Found a transporter.
 50777 | Swamp:3  | Reached skill level 10 in Shields
 50929 | Swamp:3  | Found a transporter.
 51191 | Swamp:4  | Entered Level 4 of the Swamp
 51327 | Swamp:4  | Reached skill level 10 in Staves
 51891 | Swamp:3  | Reached skill level 5 in Poison Magic
 55134 | Swamp:4  | Reached XP level 18. HP: 140/181 MP: 26/36
 55808 | Swamp:4  | Noticed the 27-headed Lernaean hydra
 56948 | Swamp:4  | Killed the 27-headed Lernaean hydra
 57079 | Swamp:4  | Got a decaying rune of Zot
 57673 | Snake:1  | Entered Level 1 of the Snake Pit
 60266 | Snake:2  | Learned a level 2 spell: Passwall
 61675 | Snake:2  | Noticed Vashnia
 62151 | Snake:2  | Killed Vashnia
 62588 | Snake:3  | Noticed Jorgrun
 62720 | Snake:3  | Killed Jorgrun
 63290 | Snake:3  | Noticed kuniqs's ghost (adept DDFi)
 63421 | Snake:3  | Killed kuniqs's ghost
 63791 | Snake:3  | Noticed Roxanne
 63791 | Snake:3  | Noticed Aizul
 63800 | Snake:3  | Killed Aizul
 63800 | Snake:3  | Reached XP level 19. HP: 188/188 MP: 11/37
 64198 | Snake:3  | Killed Roxanne
 64212 | Snake:3  | Learned a level 6 spell: Iron Shot
 64258 | Snake:4  | Entered Level 4 of the Snake Pit
 64263 | Snake:4  | Noticed Saint Roka
 64456 | Snake:3  | Killed Saint Roka
 64456 | Snake:3  | Reached skill level 9 in Earth Magic
 64923 | Snake:4  | Reached skill level 10 in Conjurations
 68247 | Snake:4  | Reached skill level 10 in Earth Magic
 68251 | Snake:4  | Noticed Asterion
 68563 | Snake:4  | Killed Asterion
 69299 | Snake:4  | Got a serpentine rune of Zot
 69678 | Vaults:1 | Entered Level 1 of the Vaults
 71159 | Vaults:1 | Reached XP level 20. HP: 195/197 MP: 19/38
 71404 | Vaults:1 | Upgraded the game from 0.22-a0-301-gf0fe05c to 0.22-a0-303-g4a852b3
 73044 | Vaults:1 | Noticed Nikola
 73061 | Vaults:1 | Killed Nikola
 73252 | Vaults:1 | Reached skill level 11 in Earth Magic
 73383 | Vaults:1 | Paralysed by a floating eye for 4 turns
 74366 | Vaults:1 | Reached skill level 15 in Spellcasting
 75952 | Vaults:2 | Found a shadowy altar of Dithmenos.
 76265 | Vaults:2 | Found a staircase to the Crypt.
 77854 | Vaults:2 | Reached skill level 12 in Earth Magic
 77915 | Vaults:2 | Reached XP level 21. HP: 196/205 MP: 10/40
 79349 | Vaults:3 | Paralysed by a hornet for 2 turns
 81242 | Vaults:3 | Reached skill level 13 in Earth Magic
 81811 | Vaults:4 | Reached skill level 15 in Shields
 81943 | Vaults:4 | Identified a scroll of acquirement
 83046 | Vaults:4 | Reached XP level 22. HP: 211/215 MP: 11/43
 85773 | Vaults:4 | Reached skill level 14 in Earth Magic
 86302 | D:15     | Found a stormy altar of Qazlal.
 86412 | D:15     | Reached skill level 1 in Short Blades
 86691 | D:15     | Found a deep blue altar of Sif Muna.
 86691 | D:15     | Noticed Kirke
 86697 | D:15     | Killed Kirke
 86717 | D:15     | Got a scintillating bronze ring
 86718 | D:15     | Identified the ring of Xom's Sleight of Hands {*Tele rElec Str+2} (You took it off Kirke on level 15 of the Dungeon)
 86795 | D:15     | Paralysed by a floating eye for 2 turns
 87273 | D:15     | Found a bloodstained altar of Trog.
 87328 | D:15     | Found a staircase to the Depths.
 87383 | D:15     | Got a shimmering golden ring
 87384 | D:15     | Identified the ring "Hauliept" {MR+ Stlth-} (You found it on level 15 of the Dungeon)
 87885 | D:15     | Got a clouded iron ring
 87914 | D:15     | Identified the ring of Vitaanki {Fire rPois Int+3 Slay+2 Stlth+} (You found it on level 15 of the Dungeon)
 87960 | Depths:1 | Entered Level 1 of the Depths
 88933 | Depths:1 | Reached skill level 5 in Short Blades
 89241 | Depths:1 | Reached skill level 15 in Earth Magic
 89591 | Depths:1 | Reached XP level 23. HP: 223/223 MP: 28/44
 89782 | Depths:1 | Noticed an ancient lich
 90029 | Depths:1 | Killed an ancient lich
 90072 | Depths:1 | Found Xymegint's Food Boutique.
 90227 | Depths:1 | Found a shimmering altar of Xom.
 90566 | Depths:1 | Found a gateway to Hell.
 90680 | Depths:2 | Found a gateway to a ziggurat.
 91243 | Depths:2 | Reached skill level 16 in Earth Magic
 91522 | Depths:2 | Noticed a golden dragon
 91528 | Depths:2 | Killed a golden dragon
 92318 | Depths:2 | Paralysed by a floating eye for 3 turns
 92530 | Depths:2 | Found an iron altar of Okawaru.
 93138 | Depths:2 | Reached skill level 17 in Earth Magic
 93468 | Depths:2 | Found Jieh's Food Shoppe.
 94053 | Depths:2 | Found a runed door.
 94656 | Depths:3 | Reached XP level 24. HP: 178/231 MP: 11/44
 94666 | Depths:3 | Reached skill level 18 in Earth Magic
 95767 | Depths:3 | Noticed Mara
 95776 | Depths:3 | Killed Mara
 96901 | Depths:3 | Noticed a juggernaut
 96914 | Depths:3 | Killed a juggernaut
 97286 | Depths:3 | Reached skill level 19 in Earth Magic
 97864 | Depths:3 | Found a one-way gate leading to the halls of Pandemonium.
 98066 | Depths:4 | Noticed the Enchantress
 98077 | Depths:3 | Killed the Enchantress
 98102 | Depths:3 | Got faerie dragon scales
 98114 | Depths:3 | Identified the +0 faerie dragon scales {*Drain rF+++ rCorr Dex-2 Slay+4} (You took it off the Enchantress on level 3 of the Depths)
 98913 | Depths:4 | Paralysed by a great orb of eyes for 4 turns
 99208 | Depths:4 | Learned a level 5 spell: Bolt of Magma
 99983 | Depths:4 | Found Gozag's Antique Armour Emporium.
 99988 | Depths:4 | Found an opulent altar of Gozag.
 99988 | Depths:4 | Found Gozag's Assorted Antiques.
 99996 | Depths:4 | Found Gozag's Antique Armour Shoppe.
100000 | Depths:4 | Reached skill level 20 in Earth Magic
100623 | Depths:4 | Found a one-way gate to the infinite horrors of the Abyss.
100967 | Depths:4 | Noticed Xtahua
100976 | Depths:4 | Killed Xtahua
100976 | Depths:4 | Reached XP level 25. HP: 167/239 MP: 30/44
101486 | Depths:5 | Entered Level 5 of the Depths
102811 | Depths:5 | Learned a level 9 spell: Shatter
104176 | Depths:5 | Reached skill level 21 in Earth Magic
104966 | Depths:5 | Found a gate to the Realm of Zot.
105359 | Elf:1    | Entered Level 1 of the Elven Halls
106493 | Elf:1    | Found Riudix's Jewellery Emporium.
106969 | Elf:2    | Found a runed gate.
106969 | Elf:2    | Found a runed gate.
106969 | Elf:2    | Found a runed gate.
107534 | Elf:2    | Found a radiant altar of Vehumet.
108755 | Elf:3    | Entered Level 3 of the Elven Halls
108758 | Elf:3    | Reached skill level 22 in Earth Magic
109232 | Elf:3    | Reached XP level 26. HP: 203/248 MP: 4/44
110213 | Elf:3    | Identified the +6 halberd of Demand {speed, Int+4} (You took it off a deep elf mage on level 3 of the Elven Halls)
110218 | Elf:3    | Identified the amulet of Day {+Rage +Inv rElec Int-3 Dex+3} (You took it off a deep elf demonologist on level 3 of the Elven Halls)
110374 | Elf:3    | Got a sparkling pewter amulet
110383 | Elf:3    | Got a fine garnet amulet
110497 | Elf:3    | Identified the cursed +0 large shield of Sloth {rF+} (You found it on level 3 of the Elven Halls)
110557 | Elf:3    | Identified Sif Muna's Catalogue of Warped Contamination
110591 | Elf:3    | Identified the Disquisition on Changing and Execration
110634 | Elf:3    | Got a brightly glowing zirconium amulet
110636 | Elf:3    | Identified the amulet of Xatub {Reflect rF- Str+4 Dex+4 Slay+4 SH+4} (You took it off a deep elf death mage on level 3 of the Elven Halls)
110637 | Elf:3    | Identified the amulet "Xofaummi" {Faith *Corrode +Fly rElec Dex+5} (You took it off a deep elf death mage on level 3 of the Elven Halls)
110638 | Elf:3    | Identified the amulet of Starshine {Inacc Int+4} (You found it on level 3 of the Elven Halls)
111129 | Vaults:5 | Entered Level 5 of the Vaults
111131 | Vaults:5 | Reached skill level 23 in Earth Magic
111766 | Vaults:5 | Cast into level 3 of the Abyss (vault warden)
112655 | Abyss:3  | Reached skill level 24 in Earth Magic
113067 | Vaults:5 | Escaped the Abyss
113068 | Vaults:5 | Reached XP level 27. HP: 256/256 MP: 24/44
113568 | Orc:2    | Bought a potion of brilliance for 64 gold pieces
113568 | Orc:2    | Bought a potion of curing for 48 gold pieces
113568 | Orc:2    | Bought a potion of magic for 128 gold pieces
113568 | Orc:2    | Bought a potion of invisibility for 128 gold pieces
115946 | Vaults:5 | Got a shimmering bronze ring
115950 | Vaults:5 | Got a crude pewter amulet
115952 | Vaults:5 | Identified the ring of Daisies {rCorr *Corrode rC+ Int+4} (You took it off an ironheart preserver on level 5 of the Vaults)
115953 | Vaults:5 | Identified the amulet "Ozifyf" {Inacc rC+ MR+++ Str-5 Stlth-} (You found it on level 5 of the Vaults)
116046 | Vaults:5 | Got a silver rune of Zot
116991 | Hell     | Entered the Vestibule of Hell
116991 | Hell     | Noticed Geryon
116998 | Hell     | Killed Geryon
117312 | Zot:1    | Entered Level 1 of the Realm of Zot
118180 | Zot:1    | Learned a level 5 spell: Iskenderun's Battlesphere
121137 | Zot:2    | Reached skill level 25 in Earth Magic
124730 | Zot:3    | Noticed an orb of fire
124732 | Zot:3    | Gained mutation: Scrolls take you a little longer to read. [an orb of fire]
124734 | Zot:3    | Gained mutation: You tend to lose your temper in combat. [an orb of fire]
124738 | Zot:3    | Killed an orb of fire
125622 | Zot:3    | Lost mutation: You tend to lose your temper in combat. [potion of mutation]
125622 | Zot:3    | Gained mutation: You have a pair of small horns on your head. [potion of mutation]
125622 | Zot:3    | Gained mutation: Your mind is acute. (Int +2) [potion of mutation]
125622 | Zot:3    | Gained mutation: You expend magic power (3 MP) to strengthen your wands. [potion of mutation]
129478 | Zot:5    | Entered Level 5 of the Realm of Zot
130817 | Zot:5    | Noticed an ancient lich
130846 | Zot:5    | Killed an ancient lich
131140 | Zot:5    | Noticed an orb of fire
131144 | Zot:5    | Gained mutation: You are frail. (-10% HP) [an orb of fire]
131160 | Zot:5    | Killed an orb of fire
131894 | Zot:5    | Noticed an ancient lich
131895 | Zot:5    | Killed an ancient lich
131895 | Zot:5    | Reached skill level 26 in Earth Magic
131896 | Zot:5    | Noticed an ancient lich
131919 | Zot:5    | Killed an ancient lich
131932 | Zot:5    | Noticed an ancient lich
132082 | Zot:5    | Banished an ancient lich
132219 | Zot:5    | Noticed an ancient lich
132223 | Zot:5    | Killed an ancient lich
132270 | Zot:5    | Noticed an orb of fire
132277 | Zot:5    | Killed an orb of fire
132408 | Zot:5    | Noticed an orb of fire
132415 | Zot:5    | Gained mutation: You are very weak. (Str -4) [an orb of fire]
132418 | Zot:5    | Killed an orb of fire
133857 | Zot:5    | Noticed an orb of fire
133857 | Zot:5    | Gained mutation: You are very clumsy. (Dex -4) [an orb of fire]
133866 | Zot:5    | Gained mutation: Armour fits poorly on your strangely shaped body. [an orb of fire]
133867 | Zot:5    | Killed an orb of fire
134924 | Zot:5    | Lost mutation: You are very clumsy. (Dex -4) [potion of mutation]
134924 | Zot:5    | Lost mutation: You are frail. (-10% HP) [potion of mutation]
134924 | Zot:5    | Lost mutation: Your mind is acute. (Int +2) [potion of mutation]
134924 | Zot:5    | Lost mutation: Armour fits poorly on your strangely shaped body. [potion of mutation]
134924 | Zot:5    | Gained mutation: Your movements are slightly less encumbered by armour. (ER -2) [potion of mutation]
134977 | Zot:5    | Got the Orb of Zot
135208 | Depths:3 | Noticed a seraph
135337 | D:11     | Noticed Isah the pandemonium lord
135344 | D:11     | Killed Isah the pandemonium lord
135699 | D:1      | Noticed Oleir the pandemonium lord
135702 | D:$      | Escaped with the Orb!

Vault maps used:
D:1:      eino_arrival_water_star
D:2:      first_ration, cheibrodos_gnoll_hut
D:3:      chequers_temple_overflow_minitemple, kennysheep_small_spiral,
          lemuel_tele_altar, uniq_crazy_yiuf_cottage
D:4:      minmay_temple_entry_glassed_door, minmay_misc_feat_diagonals
D:6:      grunt_ministairs_6
D:7:      kennysheep_mini, the_bakery, minmay_the_grid_2x2
D:8:      ashenzari_conservatory_becter, uniq_prince_ribbit1
D:9:      vehumet_crystals, serial_shops, shop, uniq_maurice, uniq_erolcha,
          uniq_gastronok
D:10:     david_lair_shrubbed
D:11:     uniq_josephine
D:12:     david_orc_2
D:14:     david_vaults_3, grunt_dithmenos_smoke, nicolae_elemental_shop,
          uniq_agnes
D:15:     hangedman_spin_cycle
Temple:   regret_index_temple_waves
Lair:3:   minmay_snake_entry_spellcaster, hibernation_bobbens, uniq_harold
Lair:4:   nicolae_swamp_entry_splash_gauntlet, uniq_nergalle
Lair:5:   bh_autumn_forest_stairs, st_stairs_8, minivault_19
Lair:6:   grunt_lair_end_beastmaster, slime_altar_1, zaba_antful_of_joy
Swamp:1:  evilmike_swamp_ruin_house_4
Swamp:2:  hangedman_swamp_cone, swamp_pool2, nicolae_swamp_little_tower,
          infiniplex_staircase_pool
Swamp:3:  gammafunk_its_a_trap, hangedman_swamp_lotus, swamp_pool2
Swamp:4:  grunt_swamp_rune_castle, swamp_pool1
Snake:1:  nicolae_large_snake_swirl
Snake:2:  hangedman_snake_thin_pillar_pass, uniq_vashnia
Snake:3:  uniq_jorgrun, uniq_roxanne, uniq_aizul
Snake:4:  grunt_snake_rune_serpentine_throne, grunt_megastairs_3,
          lemuel_fruit_tree, uniq_saint_roka, uniq_asterion
Orc:1:    enter_bailey_3
Orc:2:    st_orc_pillars, serial_shops, nicolae_shop_crystal, basic_altar,
          uniq_donald
Elf:1:    serial_shops, shop, hangedman_corner_corridor
Elf:2:    lemuel_statue_altar
Elf:3:    grunt_elf_hall_branching
Vaults:1: vaults_room_corners, v_pattern_3, nicolae_vaults_diagonal_hallway_9,
          nicolae_vaults_little_squares_1, nicolae_vaults_circle_grid_b,
          v_misc_3, dpeg_vaults_pockets_of_resistance, nicolae_vaults_gold_heap,
          ontoclasm_vaults_shuriken, ontoclasm_vaults_bender, v_misc_27,
          vaults_room_grid, nicolae_vaults_theta, vaults_room_semicircle,
          uniq_nikola
Vaults:2: nicolae_vaults_network_star, hangedman_vaults_corner,
          grunt_vaults_twisty, serial_ice_m, minmay_crypt_entry_simple_box,
          nicolae_vaults_little_squares_4, nicolae_vaults_sealed_display,
          nicolae_vaults_border_crossing, ontoclasm_vaults_idyll, basic_altar
Vaults:3: grunt_vaults_focal, v_misc_28, nicolae_vaults_circle_grid_a,
          v_pattern_2, vaults_mumra_hexcomb, ontoclasm_vaults_ring_small,
          dpeg_vaults_monster_box, vaults_room_fours,
          ontoclasm_vaults_loading_screen
Vaults:4: vaults_room_grunt_arrival_checkpoint, vaults_room_hallway,
          vaults_room_hallway, vaults_room_corners, st_octagons_2,
          hangedman_vaults_corner_blocks, hangedman_vaults_snaps, v_misc_10,
          nicolae_vaults_three_branches, hangedman_vaults_river_flow, v_misc_24,
          stair_cage_open, vaults_dpeg_ring
Depths:1: minmay_tri_stars, minmay_misc_feat_more_columns, serial_shops,
          nicolae_shop_statue_plus, pf_dread_powers_of_hell,
          hangedman_decor_clover_reticule, tgw_xom
Depths:2: minmay_expanding_squares, enter_ziggurat_f,
          grunt_hell_entry_dis_grunt, serial_shops, shop, serial_curves,
          eino_curves_01, eino_curves_02, okawaru_ov_weapons_minmay,
          special_room, minmay_hidden_floor
Depths:3: minmay_three_patterns, serial_bayou_lagoon_a, hell_entry,
          rand_demon_pan_entry_9, uniq_mara
Depths:4: kennysheep_gozag_temple, abyss_entry, kennysheep_flooded_box,
          rand_demon_pan_entry_5, hell_entry, uniq_enchantress, uniq_xtahua
Depths:5: grunt_zot_entry_gee_three, hangedman_abyss_or_decor_lesser_grid,
          hell_entry, minmay_stone_trees_large
Zot:1:    grunt_megastairs_2
Zot:4:    st_stairs_9
Zot:5:    basic_stair_grate_trap
Abyss:3:  hangedman_abyss_batty_box, evilmike_abyss_rune_elephants_shrine,
          hangedman_decor_peaks_small, patterned_corridor
Bailey:   bailey_axe_2, bailey

Skill      XL: |  1  2  3  4  5  6  7  8  9 10 11 12 13 14 15 16 17 18 19 20 21 22 23 24 25 26 27 |
---------------+----------------------------------------------------------------------------------+-----
Conjurations   | 1 2 3 4 5 6 6 7 9 10 | 10.5
Dodging        | 2 3 4 5 9 |  9.1
Fighting       | 1 2 3 4 5 7 9 10 11 12 | 12.2
Spellcasting   | 4 5 6 7 8 9 10 11 13 14 15 17 24 | 24.9
Stealth        | 2 3 4 3 0 |  0.0
Hexes          | 1 2 3 4 5 4 5 |  5.6
Earth Magic    | 4 5 7 8 10 12 13 15 17 20 22 24 26 | 26.5
Evocations     | 2 5 |  5.2
Air Magic      | 3 0 |  0.0
Poison Magic   | 3 5 |  5.5
Staves         | 4 7 8 10 12 | 12.0
Shields        | 8 9 10 11 13 14 15 | 15.0
Short Blades   | 5 |  5.0
Translocations | |  0.7

Action                   |  1- 3 |  4- 6 |  7- 9 | 10-12 | 13-15 | 16-18 | 19-21 | 22-24 | 25-27 || total
-------------------------+-------+-------+-------+-------+-------+-------+-------+-------+-------++-------
Melee: Unarmed           |     5 |     6 |       |       |       |       |       |       |       ||    11
       Quarterstaff      |       |     5 |    91 |       |       |       |       |       |       ||    96
       Long sword        |       |       |    76 |    29 |       |       |       |       |       ||   105
       Staff             |       |       |       |   107 |  1009 |   596 |   550 |   333 |   260 ||  2855
       Rapier            |       |       |       |       |       |       |   153 |   250 |   266 ||   669
       Headbutt          |       |       |       |       |       |       |       |       |     9 ||     9
 Cast: Magic Dart        |   108 |   159 |   238 |   140 |    22 |     1 |       |       |       ||   668
       Slow              |     1 |     9 |    31 |    36 |    40 |    22 |    10 |    12 |     4 ||   165
       Mephitic Cloud    |       |     2 |    14 |    41 |    63 |       |       |       |       ||   120
       Stone Arrow       |       |       |       |   278 |   752 |   744 |   315 |    29 |     2 ||  2120
       Lee's Rapid Decon |       |       |       |       |    44 |   110 |   218 |   316 |   129 ||   817
       Venom Bolt        |       |       |       |       |       |    35 |   147 |    33 |    36 ||   251
       Iron Shot         |       |       |       |       |       |       |    75 |   190 |   754 ||  1019
       Passwall          |       |       |       |       |       |       |       |     2 |     1 ||     3
       Bolt of Magma     |       |       |       |       |       |       |       |     4 |     2 ||     6
       Shatter           |       |       |       |       |       |       |       |       |    74 ||    74
       Iskenderun's Batt |       |       |       |       |       |       |       |       |    51 ||    51
Invok: Sacrifice Purity  |       |       |     1 |       |     1 |       |       |       |       ||     2
       Sacrifice Love    |       |       |       |     1 |       |       |       |       |       ||     1
       Draw Out Power    |       |       |       |     2 |     4 |     1 |     3 |     4 |    14 ||    28
       Sacrifice Skill   |       |       |       |     1 |       |       |       |       |       ||     1
       Power Leap        |       |       |       |     3 |    14 |    23 |    17 |     4 |    14 ||    75
       Sacrifice Stealth |       |       |       |     1 |       |       |       |       |       ||     1
       Sacrifice Courage |       |       |       |     1 |       |       |       |       |       ||     1
       Reject Sacrifices |       |       |       |       |     1 |       |       |       |       ||     1
       Apocalypse        |       |       |       |       |     3 |     3 |     1 |     4 |     2 ||    13
       Sacrifice Arcana  |       |       |       |       |     1 |       |       |       |       ||     1
Evoke: Wand              |       |       |       |    27 |    52 |    43 |    24 |     6 |    26 ||   178
       Phial of floods   |       |       |       |       |       |       |       |     1 |       ||     1
  Use: Scroll            |       |     4 |    12 |     6 |    11 |     5 |    11 |    12 |    25 ||    86
       Potion            |       |     3 |       |     1 |     1 |     4 |     5 |       |    36 ||    50
 Stab: Paralysed         |       |       |     6 |       |    35 |    54 |    13 |    21 |    31 ||   160
       Sleeping          |       |       |     1 |       |       |       |       |       |       ||     1
       Confused          |       |       |     1 |       |     3 |       |       |       |       ||     4
       Distracted        |       |       |     1 |       |       |     3 |     3 |     1 |     1 ||     9
       Invisible         |       |       |       |     1 |     5 |     4 |     2 |       |     4 ||    16
  Eat: Chunk             |     4 |    12 |     6 |    15 |    33 |    32 |    56 |    34 |    49 ||   241
       Ration            |       |       |     5 |     5 |    12 |    11 |     4 |     8 |    29 ||    74
Armor: Robe              |     5 |    10 |    55 |    29 |       |       |       |       |       ||    99
       Skin              |       |     7 |       |       |       |       |       |       |       ||     7
       Troll leather arm |       |       |       |    49 |       |       |       |       |       ||    49
       Acid dragon scale |       |       |       |     3 |   348 |    69 |       |       |       ||   420
       Swamp dragon scal |       |       |       |       |       |    36 |    61 |    96 |   112 ||   305
       Fire dragon scale |       |       |       |       |       |       |    18 |       |       ||    18
Dodge: Dodged            |    16 |    21 |    90 |   105 |   588 |   292 |   235 |   199 |   298 ||  1844
Block: Large shield      |       |       |       |       |   425 |   773 |   906 |   701 |   731 ||  3536
       Shield            |       |       |       |       |   205 |    61 |       |       |       ||   266
       Reflection        |       |       |       |       |    14 |    73 |   189 |    88 |    63 ||   427
       Rpst.: Long sword |       |       |    11 |     6 |       |       |       |       |       ||    17

Table legend:
 A = Spawn XP
 B = Non-spawn XP
 C = Spawn XP percentage of total XP
 D = Spawn monster count
 E = Non-spawn monster count
 F = Spawn count percentage of total count
 G = Total turns spent on level
                    A         B        C        D         E        F      G
               +---------+---------+-------+---------+---------+-------+---------
         Total |   21814 | 1807890 |   1.2 |      38 |    2418 |   1.5 | 135702
               +---------+---------+-------+---------+---------+-------+---------
           D:1 |       0 |      41 |   0.0 |       0 |      20 |   0.0 |  1591
           D:2 |       0 |      74 |   0.0 |       0 |      19 |   0.0 |  1642
           D:3 |       0 |     356 |   0.0 |       0 |      27 |   0.0 |  2124
           D:4 |       0 |     313 |   0.0 |       0 |      11 |   0.0 |  1592
           D:5 |       0 |     728 |   0.0 |       0 |      20 |   0.0 |  1135
           D:6 |       0 |     650 |   0.0 |       0 |      15 |   0.0 |  1104
           D:7 |       0 |    2245 |   0.0 |       0 |      38 |   0.0 |  2344
           D:8 |       0 |    2631 |   0.0 |       0 |      24 |   0.0 |  1522
           D:9 |       0 |    5990 |   0.0 |       0 |      23 |   0.0 |  1674
          D:10 |       0 |    5599 |   0.0 |       0 |      34 |   0.0 |  2989
          D:11 |       0 |    8945 |   0.0 |       0 |      26 |   0.0 |  2454
          D:12 |       0 |    4596 |   0.0 |       0 |      34 |   0.0 |  2193
          D:13 |       0 |    8783 |   0.0 |       0 |      27 |   0.0 |  1973
          D:14 |       0 |   24127 |   0.0 |       0 |      59 |   0.0 |  4511
          D:15 |       0 |   54804 |   0.0 |       0 |      95 |   0.0 |  3645
        Lair:1 |       0 |    2602 |   0.0 |       0 |      11 |   0.0 |  1491
        Lair:2 |       0 |    3404 |   0.0 |       0 |      10 |   0.0 |  1419
        Lair:3 |       0 |    5484 |   0.0 |       0 |      18 |   0.0 |  1759
        Lair:4 |       0 |   10711 |   0.0 |       0 |      33 |   0.0 |  2777
        Lair:5 |       0 |    5846 |   0.0 |       0 |      19 |   0.0 |  1453
        Lair:6 |       0 |   26010 |   0.0 |       0 |      77 |   0.0 |  4556
       Swamp:1 |       0 |    7113 |   0.0 |       0 |      21 |   0.0 |  1838
       Swamp:2 |       0 |    5384 |   0.0 |       0 |      18 |   0.0 |  1777
       Swamp:3 |       0 |   21892 |   0.0 |       0 |      62 |   0.0 |  4636
       Swamp:4 |       0 |   31250 |   0.0 |       0 |      58 |   0.0 |  3053
       Snake:1 |       0 |   19355 |   0.0 |       0 |      39 |   0.0 |  2431
       Snake:2 |       0 |   19296 |   0.0 |       0 |      32 |   0.0 |  2593
       Snake:3 |       0 |   23555 |   0.0 |       0 |      23 |   0.0 |  2732
       Snake:4 |       0 |   52622 |   0.0 |       0 |      91 |   0.0 |  4008
         Orc:1 |       0 |    7733 |   0.0 |       0 |      39 |   0.0 |  1411
         Orc:2 |       0 |   13028 |   0.0 |       0 |      74 |   0.0 |  2742
         Elf:1 |       0 |   15695 |   0.0 |       0 |      24 |   0.0 |  1412
         Elf:2 |       0 |   37788 |   0.0 |       0 |      54 |   0.0 |  2042
         Elf:3 |       0 |   62968 |   0.0 |       0 |      60 |   0.0 |  2054
      Vaults:1 |       0 |   55212 |   0.0 |       0 |      87 |   0.0 |  5237
      Vaults:2 |       0 |   61849 |   0.0 |       0 |      97 |   0.0 |  3855
      Vaults:3 |       0 |   71136 |   0.0 |       0 |     116 |   0.0 |  3835
      Vaults:4 |       0 |   85073 |   0.0 |       0 |      99 |   0.0 |  5992
      Vaults:5 |     842 |  146766 |   0.6 |       1 |     131 |   0.8 |  1608
      Depths:1 |       0 |   51090 |   0.0 |       0 |      67 |   0.0 |  2203
      Depths:2 |       0 |   96829 |   0.0 |       0 |      90 |   0.0 |  3399
      Depths:3 |       0 |   87924 |   0.0 |       0 |      84 |   0.0 |  4332
      Depths:4 |       0 |   56179 |   0.0 |       0 |      50 |   0.0 |  3291
      Depths:5 |       0 |   65087 |   0.0 |       0 |      57 |   0.0 |  3966
          Hell |       0 |   27322 |   0.0 |       0 |      36 |   0.0 |    36
         Zot:1 |       0 |   50563 |   0.0 |       0 |      27 |   0.0 |  2946
         Zot:2 |       0 |   68575 |   0.0 |       0 |      36 |   0.0 |  2848
         Zot:3 |       0 |   95576 |   0.0 |       0 |      51 |   0.0 |  3955
         Zot:4 |       0 |   62044 |   0.0 |       0 |      40 |   0.0 |  2784
         Zot:5 |       0 |  232061 |   0.0 |       0 |      73 |   0.0 |  4548
       Abyss:3 |   20972 |    2154 |  90.7 |      37 |       8 |  82.2 |  1301
        Bailey |       0 |     832 |   0.0 |       0 |      34 |   0.0 |   731
               +---------+---------+-------+---------+---------+-------+---------
